 Dungeon Crawl Stone Soup version 0.30-a0-154-gb106f4c828 (webtiles) character file.

Game seed: 14250991415380706718

37 MirrMurr the Shooter (level 3, -8/18 HPs)
             Began as a Spriggan Hunter on Sept 27, 2022.
             Killed from afar by a white imp (11 damage)
             ... with a puff of frost
             ... summoned by Natasha
             ... on level 2 of the Dungeon.
             The game lasted 00:02:02 (1484 turns).

MirrMurr the Shooter (Spriggan Hunter)              Turns: 1484, Time: 00:02:03

Health: -8/18      AC:  2    Str:  7    XL:     3   Next: 23%
Magic:  4/4        EV: 18    Int: 10    God:
Gold:   121        SH:  0    Dex: 20    Spells: 2/2 levels left

rFire   . . .      SeeInvis +    a - +0 shortbow
rCold   . . .      Faith    .    (shield currently unavailable)
rNeg    . . .      Spirit   .    c - +0 robe
rPois   .          Reflect  .    (helmet restricted)
rElec   .          Harm     .    (no cloak)
rCorr   .          Rampage  .    (gloves unavailable)
Will    .....                    (boots unavailable)
Stlth   +++.......               (no amulet)
HPRegen 0.06/turn                (no ring)
MPRegen 0.09/turn                (no ring)

@: slowed, quick
A: very small, no large weapons, unfitting armour, see invisible, speed 3
a: no special abilities


You were on level 2 of the Dungeon.
You visited 1 branch of the dungeon, and saw 2 of its levels.

You collected 121 gold pieces.

Inventory:

Hand Weapons
 a - a +0 shortbow (weapon)
Missiles
 i - 6 stones
 k - 5 poisoned darts
Armour
 c - a +0 robe (worn)
Scrolls
 b - a scroll of immolation
 d - a scroll of fear {unknown}
 f - 2 scrolls of teleportation {unknown}
 l - a scroll of identify {unknown}
 m - a scroll of noise {unknown}
Potions
 e - 2 potions of haste {unknown}
 g - a potion of berserk rage {unknown}
 h - a potion of curing {unknown}
 j - a potion of degeneration {unknown}


   Skills:
 - Level 1.5 Fighting
 * Level 4.6 Ranged Weapons
 + Level 3.4 Dodging
 + Level 2.8 Stealth


You had 2 spell levels left.
You didn't know any spells.
Your spell library was empty.

Dungeon Overview and Level Annotations

Branches:
Dungeon (2/15)

Altars:

Annotations:
D:2 Natasha


Innate Abilities, Weirdness & Mutations

You are very small and have problems with some larger weapons.
You are too small for most types of armour.
You have supernaturally acute eyesight. (SInv)
You cover ground extremely quickly. (Speed+++)


Message History

You see here an adder corpse.
Found a faded altar of an unknown god.
There is a faded altar of an unknown god here.
Natasha, Servant of Life and Death comes into view.
You shoot an arrow. The arrow hits Natasha.
Natasha is lightly wounded.
Natasha stares at you and mumbles some strange words.
You feel yourself slow down.
You shoot an arrow. The arrow hits Natasha.
Natasha is moderately wounded.
You shoot an arrow.
The arrow hits Natasha but does no damage.
Natasha is moderately wounded.
You shoot an arrow. The arrow closely misses Natasha.
Natasha barely misses you.
You shoot an arrow. The arrow hits Natasha.
Natasha is heavily wounded.
Natasha misses you.
Natasha mumbles some strange words.
You shoot an arrow. The arrow closely misses Natasha.
Natasha barely misses you. The white imp hits you. The white imp freezes you.
Natasha closely misses you. The white imp barely misses you.
You shoot an arrow. The arrow closely misses Natasha.
Natasha misses you. The white imp gestures at you. The puff of frost hits you!
* * * LOW HITPOINT WARNING * * *
Natasha claws you but does no damage.
You are too injured to fight recklessly!
You are too injured to fight recklessly!
Unknown command.
Fire: a) +0 shortbow
Press: ? - help, Q - select action, (/) - cycle Shift-Dir - straight line, f/p - Natasha
Aim: Natasha (heavily wounded, 58% to hit)
You shoot an arrow. The arrow closely misses Natasha.
The white imp barely misses you. Natasha misses you.
The white imp picks up a beetle and eats it.
The white imp gestures at you. The puff of frost hits you!
Ouch! That really hurt!
You die...

#.# #.# #.#
#.# #_# #.#
#.#
#.#######.#.
#.#.@h......
#.#5#####.#.
#...# #####


You could see Natasha and a white imp (summoned).

Vanquished Creatures
  An adder (D:2)
  A bat (D:1)
  An endoplasm (D:1)
  A giant cockroach (D:1)
  5 goblins
  2 hobgoblins
  3 jackals (D:1)
  2 kobolds (D:1)
  2 quokkas (D:2)
  3 ball pythons
  A frilled lizard (D:2)
  3 rats (D:1)
25 creatures vanquished.

Notes
Turn   | Place    | Note
-------+----------+-------------------------------------------
     0 | D:1      | MirrMurr the Spriggan Hunter began the quest for the Orb.
     0 | D:1      | Reached XP level 1. HP: 10/10 MP: 2/2
   438 | D:1      | Reached XP level 2. HP: 14/14 MP: 3/3
  1300 | D:2      | Reached XP level 3. HP: 15/18 MP: 4/4
  1459 | D:2      | Found a faded altar of an unknown god.
  1476 | D:2      | Noticed Natasha
  1484 | D:2      | Killed from afar by a white imp

Illustrated notes

Levels and vault maps discovered:
D:1:      dpeg_arrival_connections, layout_basic
D:2:      layout_basic, basic_ecumenical_altar, minmay_3d_cube, uniq_natasha

Skill      XL: |  1 |
---------------+----+-----
Stealth        | 2 |  2.8
Dodging        | 3 |  3.4
Fighting       | |  1.5
Ranged Weapons | |  4.6

Action                   || total
-------------------------++-------
 Fire: Shortbow          ||    73
Armor: Robe              ||     3
Dodge: Dodged            ||    21

Table legend: (Time is in decaauts)
 A = Elapsed time spent in this place.
 B = Non-inter-level travel time spent in this place.
 C = Inter-level travel time spent in this place.
 D = Time resting spent in this place.
 E = Time spent auto-exploring this place.
 F = Levels seen in this place.
 G = Mean time per level.
                   A        B        C        D        E       F      G
               +--------+--------+--------+--------+--------+-----+--------+
         Total |    979 |    887 |     92 |      0 |    723 |   2 |  489.5 |
       Dungeon |    979 |    887 |     92 |      0 |    723 |   2 |  489.5 |
               +--------+--------+--------+--------+--------+-----+--------+

Top non-repeatable levels by time:
     D:1: 765 daAuts
     D:2: 214 daAuts
